 Dungeon Sprint DCSS version 0.30.0-29-ga12c61a403 (webtiles) character file.

Game seed: 4505908951126472234

8400 Groucho the Eclecticist (level 11, -25/47 HPs)
             Began as a Spriggan Enchanter on June 24, 2023.
             Was an Elder of Dithmenos.
             Annihilated by a kraken (46 damage)
             ... in the Dungeon (Sprint II: "The Violet Keep of Menkaure").
             The game lasted 00:06:03 (1542 turns).

Groucho the Eclecticist (Spriggan Enchanter)        Turns: 1542, Time: 00:06:03

Health: -25/47     AC:  2    Str:  4    XL:     11   Next: 9%
Magic:  31/34      EV: 18    Int: 17    God:    Dithmenos [****..]
Gold:   475        SH:  5    Dex: 20    Spells: 36/47 levels left

rFire   . . .        a - +1 dagger
rCold   . . .        (no shield)
rNeg    . . .        b - +0 robe
rPois   +            (helmet restricted)
rElec   .            (no cloak)
rCorr   .            (gloves unavailable)
SInv    +            (boots unavailable)
Will    +....        j - amulet of Darkness {Reflect rPois SH+5}
Stlth   ++++++++++   f - ring of flight
HPRegen 0.27/turn    (no ring)
MPRegen 0.24/turn

%: no teleportation, reflection
@: flying, wreathed by umbra, very quick
A: very small, no large weapons, unfitting armour, see invisible, speed 3,
deterioration 1
a: Renounce Religion, Shadow Step


You were in the Dungeon.
You worshipped Dithmenos.
Dithmenos was greatly pleased with you.
You visited 1 branch You collected 1296 gold pieces.
You spent 821 gold pieces at shops.

Inventory:

Hand Weapons
 a - a +1 dagger (weapon)
 k - a +0 arbalest
Armour
 b - a +0 robe (worn)
Jewellery
 f - a ring of flight (left hand)
 j - the amulet of Darkness (around neck) {Reflect rPois SH+5}
   (You bought it in a shop in the Dungeon)

   [amulet of reflection]

   It reflects blocked missile attacks.
   rPois:     It protects you from poison.
   SH:        It affects your SH (+5).
Scrolls
 i - a scroll of blinking
Potions
 c - 3 potions of flight {unknown}
 d - a potion of curing
 g - 2 potions of magic
 h - a potion of berserk rage


   Skills:
 - Level 11.9 Short Blades
 + Level 11.5 Ranged Weapons
 - Level 2.6 Dodging
 - Level 17.5 Stealth
 + Level 18.7 Spellcasting
 - Level 14.0 Hexes


You had 36 spell levels left.
You knew the following spells:

 Your Spells              Type           Power      Damage    Failure   Level
a - Ensorcelled Hibernat  Hex/Ice        78%        N/A       1%          2
b - Confusing Touch       Hex            59%        N/A       1%          3
c - Dazzling Flash        Conj/Hex       78%        N/A       1%          3
d - Tukima's Dance        Hex            59%        N/A       1%          3

Your spell library contained the following spells:

 Spells                   Type           Power      Damage    Failure   Level


Dungeon Overview and Level Annotations

Branches:
Dungeon (1/1)

Altars:
Cheibriados
Dithmenos
Elyvilon
Fedhas
Gozag
Hepliaklqana
Kikubaaqudgha
Makhleb
Nemelex Xobeh
Okawaru
Qazlal
Ru
Sif Muna
Trog
Uskayaw
Vehumet
Wu Jian
Xom
Yredelemnul
Zin
The Shining One
Jiyva
Lugonu

Shops:
D ==:[?:!=((*!([:

Annotations:
D exclusion: oklob plant


Innate Abilities, Weirdness & Mutations

You are very small and have problems with some larger weapons.
You are too small for most types of armour.
You have supernaturally acute eyesight. (SInv)
You cover ground extremely quickly. (Speed+++)
Your body sometimes deteriorates upon taking damage.


Message History

You perforate the death drake like a sieve!!!!!
You kill the death drake!
Dithmenos accepts your kill.
Your shadow now sometimes tangibly mimics your actions.
c - 3 inky potions You see here a swamp drake corpse.
Found a scroll labelled RAKUEPNUWEK and a potion of curing.
Found eleven items.
Found six items.
Found six items.
You flicker for a moment.
A kraken comes into view.
The helpless kraken fails to defend itself.
You stick the kraken like a pincushion!!!!!
You punch the kraken, but do no damage.
The kraken is almost dead.
You flicker back into view.
The kraken squirts a massive cloud of ink into the water!
You hit the kraken but do no damage.
The kraken is almost dead.
Tentacles burst out of the water! 4 tentacles come into view.
You hit the kraken but do no damage.
The kraken is almost dead.
You hit the kraken but do no damage.
The kraken is almost dead.
The tentacle closely misses you. The tentacle slaps you!!
Ouch! That really hurt!
You emit a cloud of dark smoke.
The kraken closely misses you.
Unknown command.
You aren't carrying any items that you can evoke.
Unknown command.
Casting: Confusing Touch (safe; 1% risk of failure)
Confirm with . or Enter, or press ? or * to list all spells.
Casting: Dazzling Flash (safe; 1% risk of failure)
Press: ? - help, Dir - look around, f - activate The tentacle is dazzled. x3; You block the tentacle's attack.
The tentacle barely misses you. The kraken bites you!!!
Ouch! That really hurt!
You die...

#††# ##.#
=▓?!![[??$▓▓
..####▓??[!!?![▓▓
..##.#▓$[$??$!?▓▓
..#..#▓)($!$"[!▓▓
..#..#▓)|[$$$??▓▓
..##.#▓$$?)[??)▓▓
#...##▓▓▓▓▓▓▓+▓▓▓▓+▓
~~~~~~~~~~~§§.§§@ww▓
~#'########+###wwX§▓
~#....._..#~~~##§§§▓
~#...._._.#~§§≈####▓
~#..._._._#§§~§≈#
~#.._._._.#§§S≈≈≈
~#._._._._#§§~~~≈
§#_._._._.#~S§~≈S
≈#._._._._#~§


You could see a kraken and 4 tentacles.

Vanquished Creatures
  A crystal guardian (D)
  2 hell hogs (D)
  2 death drakes (D)
  3 shining eyes (D)
  A merfolk siren (D)
  A yaktaur (D)
  A hornet (D)
  3 polar bears (D)
  3 yaks (D)
  2 wyverns (D)
  4 neqoxecs (D)
  Menkaure (D)
  A water moccasin (D)
  2 swamp drakes (D)
  4 necrophages (D)
31 creatures vanquished.

Vanquished Creatures (collateral kills)
  A deep elf master archer (D)
1 creature vanquished.

Grand Total: 32 creatures vanquished

Notes
Turn   | Place    | Note
-------+----------+-------------------------------------------
     0 | D        | Groucho the Spriggan Enchanter began the quest for the Orb.
     0 | D        | Reached XP level 1. HP: 9/9 MP: 5/5
     3 | D        | Noticed a necrophage
     3 | D        | Noticed a necrophage
     3 | D        | Noticed a necrophage
     3 | D        | Noticed a necrophage
    10 | D        | Killed a necrophage
    11 | D        | Reached skill level 5 in Spellcasting
    11 | D        | Reached skill level 5 in Hexes
    11 | D        | Reached XP level 2. HP: 13/13 MP: 6/9
    11 | D        | Reached XP level 3. HP: 16/16 MP: 6/10
    16 | D        | Killed a necrophage
    17 | D        | Reached skill level 5 in Short Blades
    17 | D        | Reached skill level 6 in Spellcasting
    17 | D        | Reached XP level 4. HP: 21/21 MP: 7/13
    21 | D        | Killed a necrophage
    22 | D        | Reached skill level 7 in Spellcasting
    22 | D        | Reached XP level 5. HP: 24/24 MP: 7/15
    28 | D        | Reached skill level 10 in Stealth
    33 | D        | Noticed a merfolk siren
    36 | D        | Killed a merfolk siren
    37 | D        | Reached skill level 9 in Spellcasting
    37 | D        | Reached XP level 6. HP: 28/28 MP: 8/19
    37 | D        | Reached XP level 7. HP: 32/32 MP: 8/21
    41 | D        | Noticed a neqoxec
    44 | D        | Killed a neqoxec
    45 | D        | Reached skill level 10 in Spellcasting
    45 | D        | Reached skill level 10 in Hexes
    45 | D        | Noticed a neqoxec
    46 | D        | Killed a neqoxec
    47 | D        | Noticed a neqoxec
    47 | D        | Noticed a neqoxec
    49 | D        | Killed a neqoxec
    51 | D        | Killed a neqoxec
    52 | D        | Reached skill level 11 in Spellcasting
    52 | D        | Reached XP level 8. HP: 36/36 MP: 9/24
    64 | D        | Reached skill level 10 in Short Blades
    70 | D        | Found Vucoargh's Assorted Antiques.
    70 | D        | Found Tojezud's Weapon Emporium.
    70 | D        | Found Gedynn's Antique Weapon Shoppe.
    70 | D        | Found Nimpoomi's Book Emporium.
    70 | D        | Found Vutaw's Distillery.
    70 | D        | Found Zeseonoa's Antique Armour Shoppe.
    71 | D        | Found Meosmot's Antique Weapon Emporium.
    71 | D        | Found Zatovvat's Jewellery Shoppe.
    75 | D        | Learned a level 2 spell: Ensorcelled Hibernation
    79 | D        | Learned a level 3 spell: Confusing Touch
    83 | D        | Learned a level 3 spell: Dazzling Flash
    87 | D        | Learned a level 3 spell: Tukima's Dance
    87 | D        | Found Pewiff's Distillery.
    87 | D        | Found Laihit's Book Emporium.
    87 | D        | Noticed Menkaure
    92 | D        | Found Feluoz's Magic Scroll Emporium.
    92 | D        | Found Muuneago's Antique Armour Shoppe.
    92 | D        | Noticed an oklob plant
   119 | D        | Killed Menkaure
   120 | D        | Reached skill level 15 in Stealth
   317 | D        | Found Suryomal's Jewellery Shoppe.
   317 | D        | Found Dekeix's Book Shoppe.
   317 | D        | Found Oraroran's Jewellery Emporium.
   336 | D        | Noticed an unseen horror
   342 | D        | Noticed an unseen horror
   352 | D        | Bought a ring of flight for 245 gold pieces
   352 | D        | Bought the amulet of Darkness {Reflect rPois SH+5} for 576
                  | gold pieces
   391 | D        | Found a blossoming altar of Fedhas.
   392 | D        | Found a white marble altar of Elyvilon.
   393 | D        | Found a shadowy altar of Dithmenos.
   393 | D        | Found a corrupted altar of Lugonu.
   393 | D        | Found an opulent altar of Gozag.
   393 | D        | Found a burning altar of Makhleb.
   394 | D        | Found a snail-covered altar of Cheibriados.
   394 | D        | Found an ancient bone altar of Kikubaaqudgha.
   394 | D        | Found a bloodstained altar of Trog.
   395 | D        | Found a viscous altar of Jiyva.
   395 | D        | Found a shimmering blue altar of Sif Muna.
   396 | D        | Found a hazy altar of Hepliaklqana.
   396 | D        | Found a sacrificial altar of Ru.
   397 | D        | Found a stormy altar of Qazlal.
   397 | D        | Found an ornate altar of the Wu Jian Council.
   398 | D        | Noticed a yaktaur
   398 | D        | Noticed a hornet
   398 | D        | Noticed a polar bear
   399 | D        | Noticed a polar bear
   399 | D        | Noticed a polar bear
   400 | D        | Killed a polar bear
   401 | D        | Reached skill level 12 in Spellcasting
   401 | D        | Killed a polar bear
   403 | D        | Killed a polar bear
   404 | D        | Reached XP level 9. HP: 39/39 MP: 24/26
   406 | D        | Killed a yaktaur
   407 | D        | Reached skill level 13 in Spellcasting
   422 | D        | Found a shimmering altar of Xom.
   424 | D        | Found a sparkling altar of Nemelex Xobeh.
   424 | D        | Found a hide-covered altar of Uskayaw.
   424 | D        | Found a basalt altar of Yredelemnul.
   424 | D        | Found a glowing golden altar of the Shining One.
   425 | D        | Found a radiant altar of Vehumet.
   425 | D        | Found an iron altar of Okawaru.
   425 | D        | Found a glowing silver altar of Zin.
   428 | D        | Became a worshipper of Dithmenos the Shadowed
   441 | D        | Reached * piety under Dithmenos
   448 | D        | Noticed a hell hog
   449 | D        | Noticed a hell hog
   451 | D        | Killed a hell hog
   452 | D        | Reached skill level 14 in Spellcasting
   453 | D        | Killed a hell hog
   454 | D        | Reached skill level 5 in Ranged Weapons
   454 | D        | Reached skill level 15 in Spellcasting
   454 | D        | Reached XP level 10. HP: 24/44 MP: 23/30
   539 | D        | Noticed a deep elf master archer
   672 | D        | Noticed a shining eye
   672 | D        | Noticed a shining eye
   672 | D        | Noticed a shining eye
   674 | D        | Killed a shining eye
   674 | D        | Reached ** piety under Dithmenos
   674 | D        | Gained mutation: Your body sometimes deteriorates upon
                  | taking damage. [a shining eye]
   676 | D        | Killed a shining eye
   677 | D        | Reached skill level 16 in Spellcasting
   682 | D        | Killed a shining eye
  1188 | D        | Killed a deep elf master archer
  1189 | D        | Reached skill level 17 in Spellcasting
  1504 | D        | Noticed a death drake
  1505 | D        | Noticed a death drake
  1505 | D        | Noticed a crystal guardian
  1506 | D        | Reached *** piety under Dithmenos
  1508 | D        | Killed a crystal guardian
  1509 | D        | Reached skill level 10 in Ranged Weapons
  1509 | D        | Reached skill level 18 in Spellcasting
  1509 | D        | Killed a death drake
  1510 | D        | Reached XP level 11. HP: 47/47 MP: 32/34
  1512 | D        | Killed a death drake
  1512 | D        | Reached **** piety under Dithmenos
  1531 | D        | Noticed a kraken
  1542 | D        | Annihilated by a kraken

Illustrated notes

Levels and vault maps discovered:
D:        the_violet_keep_of_menkaure [sprint2_stairs_cluster_1,
          sprint2_shoproom, sprint2_temple, sprint2_basic_supplies,
          sprint2_obstacle_5, sprint2_obstacle_1, sprint2_obstacle_7,
          sprint2_obstacle_2, sprint2_obstacle_4, sprint2_timed_cluster_1,
          sprint2_smallroom_cluster_1, sprint2_smallroom_final_cluster_1,
          sprint2_transparent_cluster_1, sprint2_second_timed_cluster_1,
          sprint2_sniper_area_1, sprint2_heavy_combat_area_1,
          sprint2_mutation_trap_area_1, sprint2_forest_area_1,
          sprint2_light_combat_area_1, sprint2_behind_water_1,
          sprint2_near_end_vault_1]

Skill      XL: |  1  2  3  4  5  6  7  8  9 10 |
---------------+-------------------------------+-----
Short Blades   | 4 5 6 8 9 11 | 11.9
Stealth        | 7 8 9 12 14 16 17 | 17.5
Spellcasting   | 5 6 7 9 11 12 15 18 | 18.7
Hexes          | 5 6 7 9 11 12 14 | 14.0
Ranged Weapons | 5 11 | 11.5
Dodging        | |  2.6

Action                     |  1- 3 |  4- 6 |  7- 9 | 10-12 || total
---------------------------+-------+-------+-------+-------++-------
  Melee: Dagger            |    11 |     6 |    20 |    30 ||    67
         Punch             |       |       |       |     1 ||     1
   Cast: Ensorcelled Hiber |       |       |     4 |       ||     4
         Confusing Touch   |       |       |     1 |     1 ||     2
         Tukima's Dance    |       |       |       |     2 ||     2
         Dazzling Flash    |       |       |       |     2 ||     2
    Use: Potion            |     2 |       |       |     2 ||     4
   Stab: Invisible         |     3 |     2 |     1 |     2 ||     8
         Sleeping          |     1 |     2 |    16 |     8 ||    27
 Armour: Robe              |     1 |       |       |       ||     1
  Dodge: Dodged            |     6 |     1 |     3 |     6 ||    16
  Block: Other             |       |       |       |     2 ||     2
